[Event "Suryabinayak Municipality Open B 2024"]
[Site "Bhaktapur"]
[Date "2024.12.03"]
[Round "1.2"]
[White "Parajuli, Kshitiz"]
[Black "Silwal, Purushottam"]
[Result "0-1"]
[ECO "B94"]
[WhiteElo "1725"]
[BlackElo "2058"]
[Annotator "RC"]
[PlyCount "62"]
[EventDate "2024.12.02"]
[EventCountry "NEP"]
[SourceTitle "playchess.com"]
[Source "ChessBase"]
[SourceQuality "1"]
[TimeControl "5400+30"]

1. e4 c5 2. Nf3 d6 3. d4 cxd4 4. Nxd4 Nf6 5. Nc3 a6 6. Bg5 Nbd7 7. f4 Qc7 8. Be2 h6 9. Bh4 e6 10. f5 e5 11. Nb3 Be7 12. g4 b5 13. g5 hxg5 14. Bxg5 Bb7 15. Qd3 b4 16. Bxf6 Nxf6 17. Nd5 Nxd5 18. exd5 Bh4+ 19. Kd1 Rc8 20. c3 bxc3 21. Rc1 c2+ 22. Rxc2 Qxc2+ 23. Qxc2 Rxc2 24. Kxc2 Bxd5 25. Rd1 Be4+ 26. Kc3 Ke7 27. Bxa6 Bxf5 28. Bb7 Bf2 29. a4 Rh3+ 30. Kb4 Bc2 31. Rd2 Be1 0-1

[Event "Suryabinayak Municipality Open B 2024"]
[Site "Bhaktapur"]
[Date "2024.12.03"]
[Round "1.3"]
[White "Nepal, Prakash Chandra"]
[Black "Khadka, Govinda"]
[Result "1-0"]
[ECO "D96"]
[WhiteElo "2012"]
[BlackElo "1698"]
[Annotator "RC"]
[PlyCount "66"]
[EventDate "2024.12.02"]
[EventCountry "NEP"]
[SourceTitle "playchess.com"]
[Source "ChessBase"]
[SourceQuality "1"]
[TimeControl "5400+30"]

1. d4 Nf6 2. c4 g6 3. Nc3 d5 4. Nf3 Bg7 5. Qb3 c6 6. cxd5 Nxd5 7. e4 Nxc3 8. bxc3 O-O 9. Ba3 Re8 10. Bc4 e6 11. O-O b5 12. Be2 a5 13. Rad1 Na6 14. Rfe1 a4 15. Qc2 Qa5 16. Bd6 Qd8 17. e5 Bf8 18. Bxf8 Rxf8 19. Nd2 Nc7 20. Ne4 Nd5 21. c4 Nf4 22. Nf6+ Kg7 23. cxb5 Nxe2+ 24. Qxe2 cxb5 25. Qxb5 Ba6 26. Qb4 Qb8 27. Qd2 Qd8 28. Re3 Rh8 29. h4 h5 30. Rg3 Rh6 31. Qg5 Qh8 32. Rb1 Bc4 33. Rb7 Kf8 1-0

[Event "Suryabinayak Municipality Open B 2024"]
[Site "Bhaktapur"]
[Date "2024.12.03"]
[Round "1.4"]
[White "Singh, Suraj"]
[Black "Rajbhandari, Rijendra"]
[Result "0-1"]
[ECO "C55"]
[WhiteElo "1655"]
[BlackElo "1999"]
[Annotator "RC"]
[PlyCount "42"]
[EventDate "2024.12.02"]
[EventCountry "NEP"]
[SourceTitle "playchess.com"]
[Source "ChessBase"]
[SourceQuality "1"]
[TimeControl "5400+30"]

1. e4 e5 2. Nf3 Nc6 3. Bc4 Bc5 4. O-O Nf6 5. Nc3 O-O 6. a3 d6 7. h3 Be6 8. Be2 d5 9. exd5 Nxd5 10. Nxd5 Qxd5 11. d3 Rad8 12. b4 Be7 13. Bb2 Bf6 14. Qc1 Rfe8 15. Re1 Bf5 16. Bf1 Nd4 17. Nxd4 exd4 18. Qd2 c5 19. Be2 cxb4 20. Bf3 Qd7 21. axb4 a6 0-1

[Event "Suryabinayak Municipality Open B 2024"]
[Site "Bhaktapur"]
[Date "2024.12.03"]
[Round "2.1"]
[White "Maharjan, Prem Krishna"]
[Black "Jaiswal, Rupesh"]
[Result "0-1"]
[ECO "B90"]
[WhiteElo "1899"]
[BlackElo "2062"]
[Annotator "NA RC"]
[PlyCount "92"]
[EventDate "2024.12.02"]
[EventCountry "NEP"]
[SourceTitle "playchess.com"]
[Source "ChessBase"]
[SourceQuality "1"]
[TimeControl "5400+30"]

1. e4 c5 2. Nf3 d6 3. d4 cxd4 4. Nxd4 Nf6 5. Nc3 a6 6. Bd3 e5 7. Nde2 Be7 {[%emt 0:00:46] B90: Sicilian Najdorf: Unusual White 6th moves, 6 Be3 Ng4 and 6 Be3 e5.} 8. Bg5 {[%emt 0:00:29] [#]} (8. O-O $11 {should be considered.}) 8... Nxe4 $1 9. Bxe7 Nxc3 10. Nxc3 Qxe7 11. Be4 Nc6 12. Qd3 Be6 13. O-O Nd4 14. f4 Rc8 (14... f5 $17 15. Bd5 O-O) 15. Rf2 (15. Nd5 $1 $15 Bxd5 16. Bxd5) 15... Bc4 ({Black should try} 15... f5 $17 16. Bd5 O-O) 16. Qh3 Qd7 17. Qg3 f5 18. Bd3 (18. fxe5 $11 {keeps the balance.} O-O (18... fxe4 19. exd6 Be6 20. Nxe4 $14) 19. Bd5+ Bxd5 20. Nxd5) 18... Bxd3 19. cxd3 Nc6 20. Nd5 Qf7 21. Nb6 Rd8 22. fxe5 dxe5 23. Nc4 {[%emt 0:01:18] [#]} O-O (23... f4 $1 $19 24. Qg4 O-O (24... Rxd3 25. Qc8+ Rd8 26. Nd6+ Kf8 27. Nxf7 $11)) 24. Nxe5 Nxe5 25. Qxe5 Rxd3 26. Raf1 g6 27. b3 Qd5 28. Qf4 Qd4 29. g4 Qxf4 30. Rxf4 Rd5 31. R1f2 Kg7 32. Kg2 b5 33. h3 g5 34. Rxf5 Rfxf5 35. gxf5 Kf6 36. Kg3 h5 37. Rc2 Kxf5 38. Rf2+ Ke6 39. Rc2 Rd3+ 40. Kg2 Kd6 41. Kh2 h4 42. Rg2 Rd5 43. Rc2 Rf5 44. Kg2 b4 $19 45. Rc4 a5 46. Rc2 Kd5 0-1

[Event "Suryabinayak Municipality Open B 2024"]
[Site "Bhaktapur"]
[Date "2024.12.03"]
[Round "2.2"]
[White "Silwal, Purushottam"]
[Black "Kachhepati, Rajesh"]
[Result "1-0"]
[ECO "C41"]
[WhiteElo "2058"]
[BlackElo "1831"]
[Annotator "RC"]
[PlyCount "53"]
[EventDate "2024.12.02"]
[EventCountry "NEP"]
[SourceTitle "playchess.com"]
[Source "ChessBase"]
[SourceQuality "1"]
[TimeControl "5400+30"]

1. e4 e5 2. Nf3 d6 3. d4 exd4 4. Nxd4 Nf6 5. Nc3 Be7 6. h3 a6 7. g4 h6 8. Bg2 c5 9. Nf5 Bxf5 10. exf5 Nc6 11. Bf4 Qc7 12. Qd2 b5 13. O-O-O O-O-O 14. Nd5 Nxd5 15. Qxd5 Kb7 16. Rhe1 Bf8 17. Re3 Kb6 18. c3 Na7 19. Red3 Nc8 20. Kb1 a5 21. b4 axb4 22. cxb4 cxb4 23. Rc1 Qd7 24. Be3+ Ka6 25. Rc6+ Ka5 26. Ra3+ bxa3 27. Bd2+ 1-0

[Event "Suryabinayak Municipality Open B 2024"]
[Site "Bhaktapur"]
[Date "2024.12.03"]
[Round "2.3"]
[White "Pradhan, Rahul Chau"]
[Black "Nepal, Prakash Chandra"]
[Result "1/2-1/2"]
[ECO "E04"]
[WhiteElo "1873"]
[BlackElo "2012"]
[Annotator "NA RC"]
[PlyCount "66"]
[EventDate "2024.12.02"]
[EventCountry "NEP"]
[SourceTitle "playchess.com"]
[Source "ChessBase"]
[SourceQuality "1"]
[TimeControl "5400+30"]

1. d4 d5 2. Nf3 Nf6 3. c4 e6 4. g3 c5 5. Bg2 dxc4 6. Qa4+ Bd7 {[%emt 0:01:56] E04: Open Catalan: 5 Nf3.} 7. Qxc4 Qb6 8. dxc5 Bxc5 9. O-O Bb5 10. Qc2 Ng4 (10... Nbd7 $11 {is more appropriate.}) 11. a4 (11. h3 $11 Bxf2+ (11... Nxf2 12. b4 $18) 12. Kh1) 11... Bxf2+ 12. Kh1 Bc6 13. Nc3 Be3 14. Nd1 (14. h3 $1 $11 Bxc1 15. hxg4) 14... Bxc1 15. Qxc1 O-O 16. Qg5 Nf6 17. a5 Qb4 18. Ne5 Bxg2+ 19. Kxg2 Qe4+ 20. Kg1 Nbd7 21. Nxd7 Nxd7 22. Nc3 (22. Qb5 $142 Nf6 23. Ra4) 22... Qe5 23. Qe7 (23. Qxe5 $142 Nxe5 24. Rf4) 23... Nc5 24. Rad1 Qe3+ 25. Kh1 Ne4 26. Rf3 Qc5 27. Qxc5 Nxc5 28. b4 Na6 29. Rd7 Nxb4 30. Rxb7 Nc6 31. a6 {[%emt 0:01:15] [#]} Nb8 $17 32. Nb5 Nxa6 33. Nxa7 Nc5 1/2-1/2

[Event "Suryabinayak Municipality Open B 2024"]
[Site "Bhaktapur"]
[Date "2024.12.03"]
[Round "2.4"]
[White "Rajbhandari, Rijendra"]
[Black "Maharjan, Sanubhai"]
[Result "1-0"]
[ECO "E11"]
[WhiteElo "1999"]
[BlackElo "1782"]
[Annotator "NA RC"]
[PlyCount "79"]
[EventDate "2024.12.02"]
[EventCountry "NEP"]
[SourceTitle "playchess.com"]
[Source "ChessBase"]
[SourceQuality "1"]
[TimeControl "5400+30"]

1. d4 Nf6 2. c4 e6 3. g3 d5 4. Nf3 Bb4+ 5. Bd2 a5 6. Bg2 O-O 7. O-O Ne4 {[%emt 0:03:03] E11: Bogo-Indian.} 8. Bxb4 axb4 9. Nbd2 f5 10. Ne5 Nd7 11. Ndf3 c6 12. e3 g5 13. Nxd7 Bxd7 14. Ne5 g4 15. Qe1 Qe7 16. c5 b3 17. Qb4 b5 18. Bxe4 ({Weaker is} 18. Qxb3 Nd2 19. Qd1 Nxf1 $14) (18. axb3 Ng5 19. Ra3 Rxa3 $18) 18... Ra4 19. Qxb3 fxe4 20. Nxg4 e5 21. Nxe5 Bh3 22. Nxc6 Qe6 23. Qxd5 Qxd5 24. Ne7+ Kf7 25. Nxd5 Bxf1 26. Kxf1 Rfa8 27. a3 R4a5 28. Rc1 Kg6 29. c6 b4 30. Nxb4 Kf5 31. d5 Rc8 32. d6 Ra7 33. Rc5+ Ke6 34. d7 Rf8 35. Rh5 Rh8 {[%emt 0:01:44] [#]} 36. Rxh7 $3 Rd8 37. h4 Kd6 38. Rh6+ Kc5 39. c7 Rxc7 40. Na6+ $18 1-0

[Event "Suryabinayak Municipality Open B 2024"]
[Site "Bhaktapur"]
[Date "2024.12.04"]
[Round "4.1"]
[White "Silwal, Purushottam"]
[Black "Rajbhandari, Rijendra"]
[Result "1/2-1/2"]
[ECO "B13"]
[WhiteElo "2058"]
[BlackElo "1999"]
[Annotator "RC"]
[PlyCount "40"]
[EventDate "2024.12.02"]
[EventCountry "NEP"]
[SourceTitle "playchess.com"]
[Source "ChessBase"]
[SourceQuality "1"]
[TimeControl "5400+30"]

1. e4 c6 2. d4 d5 3. exd5 cxd5 4. c4 Nf6 5. Nc3 Nc6 6. Nf3 Bg4 7. cxd5 Nxd5 8. Qb3 Bxf3 9. gxf3 e6 10. Qxb7 Nxd4 11. Bb5+ Nxb5 12. Qc6+ Ke7 13. Qxb5 Qd7 14. Nxd5+ Qxd5 15. Qxd5 exd5 16. Be3 Ke6 17. O-O-O Rc8+ 18. Kb1 Bc5 19. Rhe1 Bxe3 20. Rxe3+ Kd6 1/2-1/2

[Event "Suryabinayak Municipality Open B 2024"]
[Site "Bhaktapur"]
[Date "2024.12.04"]
[Round "4.3"]
[White "Phuyal, Aashish"]
[Black "Nepal, Prakash Chandra"]
[Result "1-0"]
[ECO "A29"]
[WhiteElo "1907"]
[BlackElo "2012"]
[Annotator "RC"]
[PlyCount "65"]
[EventDate "2024.12.02"]
[EventCountry "NEP"]
[SourceTitle "playchess.com"]
[Source "ChessBase"]
[SourceQuality "1"]
[TimeControl "5400+30"]

1. c4 e5 2. Nc3 Nf6 3. g3 d5 4. cxd5 Nxd5 5. Bg2 Nb6 6. Nf3 Nc6 7. O-O Be7 8. d3 O-O 9. a3 Be6 10. b4 Nd4 11. Rb1 Nxf3+ 12. Bxf3 Nd5 13. Bb2 f6 14. d4 exd4 15. Qxd4 Nxc3 16. Qxc3 Qc8 17. Qe3 Bd6 18. Bxb7 Qxb7 19. Qxe6+ Kh8 20. Qc4 Rfe8 21. Rfd1 Re4 22. Rd4 Rae8 23. Rxe4 Rxe4 24. Qd3 Re7 25. Rc1 Qe4 26. Qxe4 Rxe4 27. e3 a5 28. Bd4 axb4 29. axb4 Bxb4 30. Rb1 Rxd4 31. exd4 Bf8 32. Rb7 Kg8 33. Rxc7 1-0

[Event "Suryabinayak Municipality Open B 2024"]
[Site "Bhaktapur"]
[Date "2024.12.04"]
[Round "4.4"]
[White "Lama, Milan"]
[Black "Tandukar, Nabin"]
[Result "1-0"]
[ECO "B22"]
[WhiteElo "1997"]
[BlackElo "1900"]
[Annotator "RC"]
[PlyCount "105"]
[EventDate "2024.12.02"]
[EventCountry "NEP"]
[SourceTitle "playchess.com"]
[Source "ChessBase"]
[SourceQuality "1"]
[TimeControl "5400+30"]

1. e4 c5 2. c3 Nc6 3. d4 cxd4 4. cxd4 e6 5. Nc3 d6 6. Nf3 Nf6 7. Bd3 Be7 8. O-O e5 9. d5 Nb8 10. h3 Nbd7 11. Be3 O-O 12. a4 a5 13. Nd2 b6 14. Nb3 Nc5 15. Nxc5 bxc5 16. f4 exf4 17. Bxf4 Nd7 18. Bb5 Ne5 19. Bxe5 dxe5 20. Qe2 Bg5 21. Kh2 Qd6 22. Qh5 Bd2 23. Bc6 g6 24. Qf3 Rb8 25. Nb5 Qd8 26. Rad1 Bg5 27. Qc3 f5 28. Qxe5 Rb6 29. d6 Bf6 30. Qd5+ Kh8 31. e5 Rxc6 32. Qxc6 Bxe5+ 33. Kg1 Bd7 34. Qxc5 Bxb2 35. Nd4 Qh4 36. Rd2 Rb8 37. Rxb2 Rxb2 38. Qe5+ Kg8 39. Nxf5 Rxg2+ 40. Kxg2 gxf5 41. Kh2 Kf7 42. Rg1 Qf6 43. Re1 Bxa4 44. Qe7+ Qxe7 45. Rxe7+ Kf8 46. Ra7 Ke8 47. Rxa5 Bc2 48. Ra7 f4 49. Kg2 Be4+ 50. Kf2 Kf8 51. Ra4 Ke8 52. Ra7 Bf5 53. h4 1-0

[Event "Suryabinayak Municipality Open B 2024"]
[Site "Bhaktapur"]
[Date "2024.12.05"]
[Round "5.1"]
[White "Jaiswal, Rupesh"]
[Black "Silwal, Purushottam"]
[Result "1/2-1/2"]
[ECO "B90"]
[WhiteElo "2062"]
[BlackElo "2058"]
[Annotator "RC"]
[PlyCount "34"]
[EventDate "2024.12.02"]
[EventCountry "NEP"]
[SourceTitle "playchess.com"]
[Source "ChessBase"]
[SourceQuality "1"]
[TimeControl "5400+30"]

1. e4 c5 2. Nf3 d6 3. d4 cxd4 4. Nxd4 Nf6 5. Nc3 a6 6. h3 e5 7. Nf3 Be7 8. g4 h6 9. Rg1 b5 10. g5 hxg5 11. Nxg5 Bb7 12. Be3 Qc7 13. Qd2 Nbd7 14. O-O-O Rc8 15. Kb1 Nb6 16. Bxb6 Qxb6 17. f4 Bf8 1/2-1/2

[Event "Suryabinayak Municipality Open B 2024"]
[Site "Bhaktapur"]
[Date "2024.12.05"]
[Round "5.2"]
[White "Rajbhandari, Rijendra"]
[Black "Phuyal, Aashish"]
[Result "0-1"]
[ECO "E11"]
[WhiteElo "1999"]
[BlackElo "1907"]
[Annotator "RC"]
[PlyCount "70"]
[EventDate "2024.12.02"]
[EventCountry "NEP"]
[SourceTitle "playchess.com"]
[Source "ChessBase"]
[SourceQuality "1"]
[TimeControl "5400+30"]

1. d4 Nf6 2. c4 e6 3. g3 d5 4. Nf3 Bb4+ 5. Bd2 a5 6. Bg2 O-O 7. O-O dxc4 8. Qc2 Bxd2 9. Nbxd2 b5 10. a4 c6 11. e4 Na6 12. Rfd1 Nb4 13. Qb1 h6 14. h4 Ng4 15. Nf1 Nd3 16. Rd2 e5 17. dxe5 Qb6 18. Qc2 Be6 19. N1h2 Ngxe5 20. Nxe5 Nxe5 21. Nf3 Nxf3+ 22. Bxf3 Qc5 23. Kg2 Qb4 24. e5 Rac8 25. Rd6 Qc5 26. axb5 cxb5 27. Rxa5 Qxe5 28. Rb6 Rc5 29. Qd2 Bd5 30. Bxd5 Rxd5 31. Qc3 Qc7 32. Rba6 Rd3 33. Qe1 Qb7+ 34. Kh2 Rfd8 35. Ra7 Qd5 0-1

[Event "Suryabinayak Municipality Open B 2024"]
[Site "Bhaktapur"]
[Date "2024.12.05"]
[Round "5.3"]
[White "Kachhepati, Rajesh"]
[Black "Lama, Milan"]
[Result "0-1"]
[ECO "B20"]
[WhiteElo "1831"]
[BlackElo "1997"]
[Annotator "RC"]
[PlyCount "104"]
[EventDate "2024.12.02"]
[EventCountry "NEP"]
[SourceTitle "playchess.com"]
[Source "ChessBase"]
[SourceQuality "1"]
[TimeControl "5400+30"]

1. e4 c5 2. c4 Nc6 3. Nf3 g6 4. Nc3 Bg7 5. Be2 d6 6. d3 e6 7. Bd2 Nge7 8. Rb1 O-O 9. O-O d5 10. Qc1 dxc4 11. dxc4 Nd4 12. Bd1 Nec6 13. Bh6 e5 14. Bxg7 Kxg7 15. h3 Be6 16. Nd5 Nxf3+ 17. Bxf3 Nd4 18. Bd1 f5 19. exf5 Bxd5 20. cxd5 Qxd5 21. fxg6 hxg6 22. b3 b6 23. Bg4 Rf4 24. Qe3 Re4 25. Qg5 Qd8 26. Qxd8 Rxd8 27. Rfe1 Rxe1+ 28. Rxe1 Kf6 29. h4 Rh8 30. g3 Rh7 31. Kg2 b5 32. Rc1 Rc7 33. Kf1 c4 34. bxc4 bxc4 35. Be2 c3 36. Bd3 Rc8 37. Ke1 g5 38. h5 g4 39. h6 e4 40. Be2 Nf3+ 41. Bxf3 gxf3 42. Kd1 c2+ 43. Kd2 Kg6 44. Ke3 Rc4 45. Kd2 Kxh6 46. Rh1+ Kg5 47. Kc1 a6 48. Re1 Kg4 49. Rh1 e3 50. Rh4+ Kg5 51. Rh2 exf2 52. Rxf2 Kg4 0-1

[Event "Suryabinayak Municipality Open B 2024"]
[Site "Bhaktapur"]
[Date "2024.12.05"]
[Round "5.4"]
[White "Kusatha, Niken"]
[Black "Chaudhary, Sushil"]
[Result "1-0"]
[ECO "B22"]
[WhiteElo "1964"]
[BlackElo "1900"]
[Annotator "RC"]
[PlyCount "99"]
[EventDate "2024.12.02"]
[EventCountry "NEP"]
[SourceTitle "playchess.com"]
[Source "ChessBase"]
[SourceQuality "1"]
[TimeControl "5400+30"]

1. e4 c5 2. Nf3 e6 3. c3 d5 4. exd5 exd5 5. d4 Nf6 6. Bb5+ Bd7 7. Bxd7+ Nbxd7 8. O-O Be7 9. dxc5 Nxc5 10. Be3 O-O 11. Nbd2 b6 12. h3 Qc7 13. Nd4 Rad8 14. Nf5 Ne6 15. Nxe7+ Qxe7 16. Nf3 Ne4 17. Nd4 Nxd4 18. Bxd4 Qh4 19. Qg4 Qxg4 20. hxg4 Rfe8 21. Rfd1 f6 22. f3 Nc5 23. Rd2 Re7 24. Rad1 Red7 25. Kf2 Kf7 26. g3 Nb7 27. Be3 Na5 28. Rd3 Nc6 29. f4 Rd6 30. b3 R6d7 31. Bc1 b5 32. Ba3 g5 33. Bc5 Kg6 34. Re1 Rc8 35. b4 h5 36. gxh5+ Kf5 37. Kg2 gxf4 38. Rf3 Ne5 39. Rxf4+ Ke6 40. Bd4 Rh7 41. g4 Rg8 42. Kh3 Rg5 43. Ref1 Rf7 44. Kh4 Rg8 45. Bxe5 Kxe5 46. Rf5+ Ke6 47. Re1+ Kd6 48. Rd1 Rc8 49. Rdxd5+ Ke6 50. Rc5 1-0

[Event "Suryabinayak Municipality Open B 2024"]
[Site "Bhaktapur"]
[Date "2024.12.05"]
[Round "6.1"]
[White "Phuyal, Aashish"]
[Black "Kusatha, Niken"]
[Result "1/2-1/2"]
[ECO "C47"]
[WhiteElo "1907"]
[BlackElo "1964"]
[Annotator "RC"]
[PlyCount "23"]
[EventDate "2024.12.02"]
[EventCountry "NEP"]
[SourceTitle "playchess.com"]
[Source "ChessBase"]
[SourceQuality "1"]
[TimeControl "5400+30"]

1. e4 e5 2. Nf3 Nc6 3. Nc3 Nf6 4. d4 exd4 5. Nxd4 Bb4 6. Nxc6 bxc6 7. Bd3 d5 8. exd5 cxd5 9. Bb5+ Bd7 10. Qe2+ Qe7 11. Bxd7+ Kxd7 12. Qxe7+ 1/2-1/2

[Event "Suryabinayak Municipality Open B 2024"]
[Site "Bhaktapur"]
[Date "2024.12.05"]
[Round "6.3"]
[White "Silwal, Purushottam"]
[Black "Maharjan, Suroj"]
[Result "1-0"]
[ECO "C62"]
[WhiteElo "2058"]
[BlackElo "1944"]
[Annotator "COMBH"]
[PlyCount "103"]
[EventDate "2024.12.02"]
[EventCountry "NEP"]
[SourceTitle "playchess.com"]
[Source "ChessBase"]
[SourceQuality "1"]
[TimeControl "5400+30"]

1. e4 Nc6 2. Nf3 e5 3. Bb5 Nf6 4. O-O d6 5. d4 exd4 6. Nxd4 Bd7 7. Bxc6 bxc6 8. Qf3 Ng4 9. Nc3 Ne5 10. Qg3 h5 11. f4 h4 12. Qe1 Ng6 13. Kh1 h3 14. g3 Be7 15. Nf3 Bg4 16. Nd1 O-O 17. Ne3 Bc8 18. f5 Ne5 19. Nxe5 dxe5 20. Ng4 Ba6 21. Rg1 Rb8 22. Nxe5 Bc5 23. Be3 Qe7 24. Bxc5 Qxc5 25. Nd7 Qxc2 26. Rc1 Qd3 27. Ne5 Qd6 28. Qc3 Rfe8 29. Nxc6 Rb6 30. Rgd1 Rxc6 31. Qxc6 Qxc6 32. Rxc6 Bb7 33. Rxc7 Bxe4+ 34. Kg1 Bxf5 35. Kf2 Bg4 36. Rd2 Re6 37. Rxa7 Rf6+ 38. Ke3 g5 39. Ra5 Re6+ 40. Kd4 Rg6 41. b4 Kg7 42. b5 Rd6+ 43. Kc3 Re6 44. b6 Rc6+ 45. Kd4 Kg6 46. b7 Rd6+ 47. Ke3 Re6+ 48. Kf2 Rf6+ 49. Kg1 Rb6 50. Ra6 Rxa6 51. b8=Q Re6 52. Rd6 1-0

[Event "Suryabinayak Municipality Open B 2024"]
[Site "Bhaktapur"]
[Date "2024.12.05"]
[Round "6.4"]
[White "Rajbhandari, Rijendra"]
[Black "Tandukar, Nabin"]
[Result "1-0"]
[ECO "A52"]
[WhiteElo "1999"]
[BlackElo "1900"]
[Annotator "RC"]
[PlyCount "80"]
[EventDate "2024.12.02"]
[EventCountry "NEP"]
[SourceTitle "playchess.com"]
[Source "ChessBase"]
[SourceQuality "1"]
[TimeControl "5400+30"]

1. d4 Nf6 2. c4 e5 3. dxe5 Ng4 4. Nf3 Nc6 5. Bf4 Qe7 6. Nc3 Qc5 7. e3 Ncxe5 8. Nxe5 Nxe5 9. Qd5 f6 10. Be2 c6 11. Qxc5 Bxc5 12. O-O O-O 13. Rfd1 Re8 14. Ne4 Bf8 15. Nd6 Bxd6 16. Rxd6 Kf8 17. Rad1 a5 18. b3 b6 19. a4 Re7 20. R1d2 Rb8 21. Rd1 Ke8 22. g4 g5 23. Bg3 Kf7 24. f4 gxf4 25. exf4 Ng6 26. Kf2 Kg7 27. h4 Nh8 28. f5 Nf7 29. Rxf6 Kxf6 30. Bxb8 Ba6 31. Bc7 d5 32. Bxb6 Nd6 33. Bd8 Ne4+ 34. Ke1 Nc3 35. g5+ Kf7 36. g6+ hxg6 37. fxg6+ Ke8 38. Bxe7 Kxe7 39. Rd4 Kf6 40. Rg4 Bc8 1-0

[Event "Suryabinayak Municipality Open B 2024"]
[Site "Bhaktapur"]
[Date "2024.12.06"]
[Round "7.1"]
[White "Phuyal, Aashish"]
[Black "Silwal, Purushottam"]
[Result "1/2-1/2"]
[ECO "B90"]
[WhiteElo "1907"]
[BlackElo "2058"]
[Annotator "RC"]
[PlyCount "31"]
[EventDate "2024.12.02"]
[EventCountry "NEP"]
[SourceTitle "playchess.com"]
[Source "ChessBase"]
[SourceQuality "1"]
[TimeControl "5400+30"]

1. e4 c5 2. Nf3 d6 3. d4 cxd4 4. Nxd4 Nf6 5. Nc3 a6 6. Be3 e5 7. Nb3 Be7 8. f3 Be6 9. Qd2 h5 10. O-O-O Nbd7 11. Kb1 Rc8 12. g3 Qc7 13. Nd5 Nxd5 14. exd5 Bf5 15. Bd3 Bxd3 16. Qxd3 1/2-1/2

[Event "Suryabinayak Municipality Open B 2024"]
[Site "Bhaktapur"]
[Date "2024.12.06"]
[Round "8.1"]
[White "Silwal, Purushottam"]
[Black "Kusatha, Niken"]
[Result "1/2-1/2"]
[ECO "C42"]
[WhiteElo "2058"]
[BlackElo "1964"]
[Annotator "RC"]
[PlyCount "99"]
[EventDate "2024.12.02"]
[EventCountry "NEP"]
[SourceTitle "playchess.com"]
[Source "ChessBase"]
[SourceQuality "1"]
[TimeControl "5400+30"]

1. e4 e5 2. Nf3 Nf6 3. Nxe5 d6 4. Nf3 Nxe4 5. Nc3 Nf6 6. d4 Be7 7. Bd3 O-O 8. h3 d5 9. O-O Bd6 10. Bg5 c6 11. Re1 h6 12. Bh4 Na6 13. Bxa6 bxa6 14. Ne5 g5 15. Bg3 Bxe5 16. Bxe5 Ne8 17. Qf3 f6 18. Bg3 Ng7 19. Na4 Nf5 20. c3 Nxg3 21. fxg3 Rb8 22. Re2 Rb7 23. Rae1 Rbf7 24. Nc5 Qd6 25. Qd3 Kg7 26. Ne6+ Bxe6 27. Rxe6 Qc7 28. Kh2 h5 29. Qxa6 h4 30. R1e3 hxg3+ 31. Rxg3 Rc8 32. b4 Kf8 33. a4 Kg7 34. a5 Kf8 35. Qd3 Re8 36. Rxe8+ Kxe8 37. Kg1 Kf8 38. Rf3 Kg7 39. Qf5 Qd6 40. Re3 Re7 41. Rxe7+ Qxe7 42. Kf2 Qe8 43. g3 Qe7 44. a6 Qe8 45. b5 cxb5 46. Qxd5 Kg6 47. Qb7 Kh6 48. Qf3 Qe6 49. h4 Qxa6 50. hxg5+ 1/2-1/2

[Event "Suryabinayak Municipality Open B 2024"]
[Site "Bhaktapur"]
[Date "2024.12.06"]
[Round "8.2"]
[White "Lama, Milan"]
[Black "Phuyal, Aashish"]
[Result "1/2-1/2"]
[ECO "C01"]
[WhiteElo "1997"]
[BlackElo "1907"]
[Annotator "RC"]
[PlyCount "32"]
[EventDate "2024.12.02"]
[EventCountry "NEP"]
[SourceTitle "playchess.com"]
[Source "ChessBase"]
[SourceQuality "1"]
[TimeControl "5400+30"]

1. e4 e6 2. d4 d5 3. exd5 exd5 4. Bd3 Bd6 5. Nf3 Nf6 6. h3 Qe7+ 7. Be3 Bf4 8. Qe2 Bxe3 9. Qxe3 Qxe3+ 10. fxe3 Be6 11. Nbd2 O-O 12. Kf2 Nbd7 13. e4 dxe4 14. Nxe4 Nxe4+ 15. Bxe4 c6 16. c3 h6 1/2-1/2

[Event "Suryabinayak Municipality Open B 2024"]
[Site "Bhaktapur"]
[Date "2024.12.06"]
[Round "8.3"]
[White "Singh, Suraj"]
[Black "Jaiswal, Rupesh"]
[Result "0-1"]
[ECO "B50"]
[WhiteElo "1655"]
[BlackElo "2062"]
[Annotator "RC"]
[PlyCount "100"]
[EventDate "2024.12.02"]
[EventCountry "NEP"]
[SourceTitle "playchess.com"]
[Source "ChessBase"]
[SourceQuality "1"]
[TimeControl "5400+30"]

1. e4 c5 2. Nf3 d6 3. c3 Nf6 4. Be2 Bg4 5. O-O e6 6. Re1 Be7 7. e5 dxe5 8. Nxe5 Bxe2 9. Qxe2 O-O 10. Na3 Nbd7 11. Nxd7 Qxd7 12. d3 Rfd8 13. Rd1 b5 14. Bf4 Qb7 15. Nc2 Rac8 16. Ne1 Nd5 17. Qe4 Rd7 18. Be5 Rcd8 19. Nf3 f6 20. Bg3 e5 21. h4 Nxc3 22. Qxb7 Ne2+ 23. Kf1 Nxg3+ 24. fxg3 Rxb7 25. h5 Kf7 26. Ke2 Ke6 27. g4 Rbd7 28. b3 g6 29. hxg6 hxg6 30. a4 b4 31. Rac1 Rh8 32. Rh1 Rdd8 33. Rh3 Rxh3 34. gxh3 Rh8 35. Rh1 f5 36. gxf5+ gxf5 37. h4 Rh5 38. Ke3 Kd5 39. Rh2 Bf6 40. Rh1 Bd8 41. Rh2 Bb6 42. Ke2 e4 43. dxe4+ fxe4 44. Ne1 c4 45. bxc4+ Kxc4 46. Rh3 b3 47. Kd1 Bc5 48. Ng2 Rd5+ 49. Ke2 b2 50. Rh1 Kc3 0-1

[Event "Suryabinayak Municipality Open B 2024"]
[Site "Bhaktapur"]
[Date "2024.12.06"]
[Round "8.4"]
[White "Rajbhandari, Rijendra"]
[Black "Maharjan, Suroj"]
[Result "1/2-1/2"]
[ECO "E62"]
[WhiteElo "1999"]
[BlackElo "1944"]
[Annotator "RC"]
[PlyCount "36"]
[EventDate "2024.12.02"]
[EventCountry "NEP"]
[SourceTitle "playchess.com"]
[Source "ChessBase"]
[SourceQuality "1"]
[TimeControl "5400+30"]

1. d4 Nf6 2. c4 d6 3. Nc3 g6 4. g3 Bg7 5. Nf3 O-O 6. Bg2 c6 7. e4 c5 8. d5 Bg4 9. O-O Qc8 10. Re1 Nbd7 11. h3 Bxf3 12. Qxf3 a6 13. a4 Rb8 14. Qe2 Ne8 15. Bg5 Nef6 16. g4 h6 17. Bh4 g5 18. Bg3 Ne5 1/2-1/2

[Event "Suryabinayak Municipality Open B 2024"]
[Site "Bhaktapur"]
[Date "2024.12.06"]
[Round "8.5"]
[White "Chaulagain, Purusottam"]
[Black "Rai, Dhiren"]
[Result "0-1"]
[ECO "D00"]
[WhiteElo "1974"]
[BlackElo "1800"]
[Annotator "RC"]
[PlyCount "55"]
[EventDate "2024.12.02"]
[EventCountry "NEP"]
[SourceTitle "playchess.com"]
[Source "ChessBase"]
[SourceQuality "1"]
[TimeControl "5400+30"]

1. d4 d5 2. Nc3 c6 3. Bf4 g6 4. e3 Bg7 5. h4 h5 6. Qd2 Nd7 7. Nf3 Ngf6 8. Ne5 Ng4 9. Nxd7 Bxd7 10. f3 e5 11. dxe5 Nxe5 12. O-O-O Be6 13. Qd4 Qc7 14. Kb1 O-O 15. Be2 Rad8 16. g4 c5 17. Qd2 hxg4 18. fxg4 d4 19. exd4 cxd4 20. Nb5 Qb6 21. h5 d3 22. hxg6 Qxb5 23. Bxd3 Nxd3 24. cxd3 Rxd3 25. Qh2 Rxd1+ 26. Rxd1 fxg6 27. Bc1 Qa4 28. b3 0-1